 Dungeon Crawl Stone Soup version 0.16.2-2-g470672f (webtiles) character file.

217 Misdraevus the Ducker (level 5, -13/40 HPs)
             Began as a Demonspawn Gladiator on Aug 20, 2015.
             Mangled by an ogre
             ... wielding a +0 giant spiked club
              (25 damage)
             ... on level 4 of the Dungeon.
             The game lasted 00:34:22 (3706 turns).

Misdraevus the Ducker (Demonspawn Gladiator)        Turns: 3706, Time: 00:34:26

Health: -13/40     AC: 13    Str: 17    XL:     5   Next: 62%
Magic:  5/5        EV:  8    Int:  9    God:
Gold:   78         SH:  0    Dex: 13    Spells: 0 memorised, 4 levels left

rFire  x . .     SeeInvis .     g - +0 war axe
rCold  + . .     Clarity  +     b - +0 chain mail
rNeg   . . .     SustAb   .     (no shield)
rPois  .         Gourm    .     c - +0 helmet
rElec  .         Spirit   .     (no cloak)
rCorr  .         Warding  .     (no gloves)
rMut   .         Stasis   .     (no boots)
MR     .....                    m - amulet of clarity
Stlth  ..........               (no ring)
                                s - ring of ice

@: not resistant to hostile enchantments, extremely unstealthy
A: yellow scales 2, nightstalker 1
a: no special abilities


You were on level 4 of the Dungeon.
You were not hungry.

You visited 1 branch of the dungeon, and saw 4 of its levels.

You collected 168 gold pieces.
You spent 90 gold pieces at shops.

Inventory:

Hand weapons
 a - a +0 flail
 g - a +0 war axe (weapon)
 p - a +0 whip
Missiles
 d - 2 throwing nets (quivered)
 i - 22 sling bullets
Armour
 b - a +0 chain mail (worn)
 c - a +0 helmet (worn)
 y - a +0 ring mail of cold resistance
Jewellery
 m - an amulet of clarity (around neck)
 s - a ring of ice (left hand)
Magical devices
 w - a wand of fire (5)
Scrolls
 j - a scroll of magic mapping {unknown}
 l - 2 scrolls of identify {unknown}
 n - 5 scrolls of remove curse {unknown}
 q - 2 scrolls of fear {unknown}
 r - a scroll of noise {unknown}
 u - a scroll of enchant armour {unknown}
 x - 2 scrolls of amnesia {unknown}
Potions
 o - 4 potions of curing
 t - a potion of heal wounds {unknown}
 v - a potion of haste {unknown}
Comestibles
 k - a meat ration
 z - a bread ration


   Skills:
 + Level 2.8 Fighting
 + Level 0.3(2.0) Axes
 + Level 3.2(3.3) Maces & Flails
 + Level 1.9 Throwing
 + Level 2.5 Armour
 + Level 3.9 Dodging
 + Level 1.0 Stealth


You had 4 spell levels left.
You didn't know any spells.

Dungeon Overview and Level Annotations

Branches:
Dungeon (4/15)
 Temple: D:4-7

Altars:
Cheibriados
Ru
Zin


Innate Abilities, Weirdness & Mutations

You are mostly covered in yellow scales (AC +3).
You are slightly more attuned to the shadows.


Message History

You slash the ogre!
The ogre is severely wounded.
You closely miss the quokka.
The quokka bites you but does no damage.
The ogre barely misses you.
The quokka bites you but does no damage.
You completely miss the ogre.
The ogre is severely wounded.
You miss the quokka.
The ogre hits you with a giant spiked club.
* * * LOW HITPOINT WARNING * * *
The quokka bites you but does no damage.
You barely miss the ogre.
The ogre is severely wounded.
You hit the quokka.
The quokka is moderately wounded.
The quokka bites you but does no damage.
The ogre hits you with a giant spiked club!!
Ouch! That really hurt!
You die...

#### .....##
........##
.........#
..........##
...........##
........r....##
..(.....O@....##
...............#
...............##
##.###..........##
.. #.#
#.(.........####
#.. #.#
#...............
#..##.#
#.........#.####
#...#.###.........#
#.....#.........###


You could see an ogre and a quokka.

Vanquished Creatures
  An orc priest (D:3)
  2 orc wizards (D:3)
  Natasha (D:4)
  4 adders
  A worm (D:3)
  An ooze (D:1)
  6 orcs
  A ball python (D:2)
  3 bats
  3 giant cockroaches
  5 goblins
  5 hobgoblins
  A quokka (D:4)
  3 giant geckos
  7 giant newts
  7 kobolds
  8 rats
  2 plants (D:3)
61 creatures vanquished.

Vanquished Creatures (others)
  An orc wizard (D:3)
1 creature vanquished.

Grand Total: 62 creatures vanquished

Notes
Turn   | Place    | Note
--------------------------------------------------------------
     0 | D:1      | Misdraevus, the Demonspawn Gladiator, began the quest for the Orb.
     0 | D:1      | Reached XP level 1. HP: 16/16 MP: 1/1
   204 | D:1      | Reached skill level 3 in Dodging
   348 | D:1      | Gained mutation: You are partially covered in yellow scales (AC +2). [demonic ancestry]
   348 | D:1      | Reached XP level 2. HP: 19/22 MP: 2/2
  1150 | D:2      | Gained mutation: You are slightly more attuned to the shadows. [demonic ancestry]
  1150 | D:2      | Reached XP level 3. HP: 17/27 MP: 3/3
  1694 | D:3      | Found a sacrificial altar of Ru.
  1767 | D:3      | Reached skill level 1 in Armour
  2041 | D:3      | Found a snail-covered altar of Cheibriados.
  2131 | D:3      | Reached XP level 4. HP: 33/33 MP: 4/4
  2141 | D:3      | Found Zin's Purification Station.
  2145 | D:3      | Found a glowing silver altar of Zin.
  2173 | D:3      | Bought a potion of curing for 90 gold pieces
  3265 | D:3      | Gained mutation: You are mostly covered in yellow scales (AC +3). [demonic ancestry]
  3265 | D:3      | Reached XP level 5. HP: 25/40 MP: 5/5
  3525 | D:4      | Noticed Natasha
  3537 | D:4      | Killed Natasha
  3537 | D:4      | Reached skill level 1 in Stealth
  3693 | D:4      | Noticed an ogre
  3706 | D:4      | Mangled by an ogre

Action                   |  1- 3 |  4- 6 || total
-------------------------+-------+-------++-------
Melee: Flail             |   149 |    84 ||   233
       War axe           |       |    71 ||    71
Throw: Throwing net      |       |     1 ||     1
 Stab: Distracted        |       |     1 ||     1
  Eat: Bread ration      |     1 |       ||     1
       Meat ration       |       |     1 ||     1
       Beef jerky        |       |     1 ||     1
